 Dungeon Crawl Stone Soup version 0.32-a0-913-g739538afd8 (webtiles) character file.

Game seed: 11003248879356394134

1129 pokedragonboy the Prestidigitator (level 8, 0/90 HPs)
             Began as a Coglin Artificer on Apr 9, 2024.
             Succumbed to an adder's poison
             ... on level 6 of the Dungeon.
             The game lasted 00:11:10 (5337 turns).

pokedragonboy the Prestidigitator (CoAr)            Turns: 5337, Time: 00:11:10

Health: 0/90       AC: 24    Str:  9 (12) XL:     8   Next: 35%
Magic:  8/8        EV:  2    Int: 11 (12) God:
Gold:   279        SH:  0    Dex: 12 (14) Spells: 7/7 levels left

rFire   . . .        q - +1 hand axe {Kamaljyot}
rCold   . . .        m - +0 short sword (elec) {Chitauli}
rNeg    . . .        v - melded +1 chain mail
rPois   +            (helmet currently unavailable)
rElec   .            (cloak currently unavailable)
rCorr   .            (gloves currently unavailable)
SInv    .            i - melded +0 pair of boots
Will    .....        (amulet unavailable)
Stlth   +            (ring unavailable)
HPRegen 0.35/turn    (ring unavailable)
MPRegen 0.11/turn    (no gizmo)

%: no passive effects
@: brilliant, lethally poisoned (0 -> -6), tree-form, on berserk cooldown,
slowed, revving, very slow
A: stationary, stasis, torment immunity, boosted hp, off-hand wielding, slow
wielding, warmup strikes, no jewellery, (poison resistance), weak 1, MP-powered
wands
a: Invent Gizmo


You were on level 6 of the Dungeon.
You were a tree.
You visited 1 branch of the dungeon, and saw 6 of its levels.

You collected 279 gold pieces.

Inventory:

Hand Weapons
 m - a +0 short sword of electrocution (offhand) {Chitauli}
 q - a +1 hand axe (weapon) {Kamaljyot}
Missiles
 t - 4 atropa-tipped darts
Armour
 i - a +0 pair of boots (melded)
 v - a +1 chain mail (melded)
Wands
 d - a wand of charming (12)
Scrolls
 a - 2 scrolls of amnesia
 g - a scroll of poison
 h - a scroll of enchant weapon
 k - a scroll of noise
 n - 2 scrolls of silence
Potions
 b - a potion of heal wounds {unknown}
 o - 2 potions of attraction


   Skills:
 + Level 3.7 Fighting
 * Level 5.5 Axes
 + Level 3.8 Armour
 - Level 0.8 Dodging
 - Level 0.7 Stealth
 * Level 8.3 Evocations


You had 7 spell levels left.
You didn't know any spells.
Your spell library contained the following spells:

 Spells                   Type           Power      Damage    Failure   Level
 Kiss of Death            Conj/Necr      0%         2d5       34%         1
 Scorch                   Fire           0%         2d5       47%         2
 Confusing Touch          Hex            0%         N/A       71%         3
 Sigil of Binding         Hex            0%         N/A       71%         3
 Dispel Undead            Necr           0%         3d6       98%         4
 Flame Wave               Conj/Fire      0%         2d4       98%         4
 Summon Forest            Summ/Tloc      0%         N/A       100%        5
 Death Channel            Necr           0%         N/A       100%        6
 Eringya's Noxious Bog    Alch           0%         4d6       100%        6
 Sculpt Simulacrum        Ice/Alch       0%         N/A       100%        6
 Summon Cactus Giant      Summ           0%         N/A       100%        6
 Summon Hydra             Summ           0%         N/A       100%        7


Dungeon Overview and Level Annotations

Branches:
Dungeon (6/15)
 Temple: D:4-7

Altars:
Dithmenos
Elyvilon
Gozag
Qazlal


Innate Abilities, Weirdness & Mutations

You are a tree.
Your roots penetrate the ground, keeping you stationary.
You cannot be teleported.
You are immune to unholy pain and torment.
Your maximum health is greatly increased.
Your equipment is partially melded.
You can wield a second weapon in your off-hand.
It takes a long time for you to wield or remove held weapons.
Your first few attacks do less damage.
You cannot equip rings or amulets.
((Your system is resistant to poisons. (rPois)))
You are weak. (Str -2)
You expend magic power (3 MP) to strengthen your wands.


Message History

You're too confused to move!
You feel less confused. The adder bites you but does no damage.
The orc hits you but does no damage. The adder bites you but does no damage.
Something hits you.
* * * LOW HITPOINT WARNING * * *
An orc comes into view. It is wielding a +0 hand axe.
The orc hits you but does no damage.
Okay, then.
Okay, then.
Okay, then.
It was a potion of mutation.
You feel extremely strange.
You feel weaker.
You feel resistant to poisons.
You feel your magical essence link to the dungeon's wands.
The orc shouts!
You hear a shout!
The adder bites you but does no damage. Something hits you but does no damage.
The orc hits you but does no damage. The adder bites you but does no damage.
Something hits you but does no damage.
It was a potion of degeneration.
There was something very wrong with that liquid.
You feel weakened.
You feel dopey.
You feel clumsy. The adder bites you.
* * * LOW HITPOINT WARNING * * *
The orc barely misses you. The adder barely misses you.
Something hits you but does no damage. The orc hits you but does no damage.
It was a potion of brilliance.
You feel clever all of a sudden. The adder bites you.
* * * LOW HITPOINT WARNING * * *
You are lethally poisoned!
The adder poisons you!
You hear some strange, mumbled words.
Something tries to affect you, but you resist.
The orc completely misses you. The adder bites you but does no damage.
Something hits you.
* * * LOW HITPOINT WARNING * * *
It was a potion of lignification.
You turn into a tree.
Your +0 pair of boots melds into your body.
Your +1 chain mail melds into your body.
Your roots penetrate the ground.
You die...

#.......# ###.......##
....... ......÷....######
##.......
.......)........###........
#..........####.##.........
#####...#.................
###......#.......... ..
#.##...o.......##....
#.##.#....♣o......#.
...........S).........
..######..#†####............
.## ####.# ##.......... .#
#.# #.......... .. ..#
#.......... ...# ..........
....# ##........# S.....
#..........


You could see an adder and 2 orcs.

Vanquished Creatures
  Eustachio (D:4)
  Menkaure (D:4)
  A black bear (D:5)
  An ogre (D:5)
  A phantom (D:5)
  2 scorpions
  A hound (D:6)
  4 jellies
  2 orc priests
  2 iguanas
  An orc wizard (D:5)
  8 adders
  A shadow imp (D:6)
  6 ufetubi (D:5)
  3 ribbon worms
  A dart slug (D:1)
  13 orcs
  4 endoplasms
  2 giant cockroaches
  6 goblins
  10 hobgoblins
  2 jackals (D:2)
  3 quokkas
  5 ball pythons
  4 bats
  3 frilled lizards
  6 kobolds
  7 rats
101 creatures vanquished.

Vanquished Creatures (others)
  An orc priest (D:6)
  An orc (D:3)
2 creatures vanquished.

Grand Total: 103 creatures vanquished

Notes
Turn   | Place    | Note
-------+----------+-------------------------------------------
     0 | D:1      | pokedragonboy the Coglin Artificer began the quest for the
                  | Orb.
     0 | D:1      | Reached XP level 1. HP: 15/15 MP: 1/1
   285 | D:1      | Reached XP level 2. HP: 15/21 MP: 2/2
   338 | D:1      | Reached skill level 1 in Axes
   856 | D:2      | You fall into a shaft and drop 1 floor!
   890 | D:2      | Reached XP level 3. HP: 24/26 MP: 3/3
  1681 | D:2      | Reached XP level 4. HP: 29/32 MP: 4/4
  1699 | D:2      | Found an opulent altar of Gozag.
  2007 | D:3      | Found a shadowy altar of Dithmenos.
  2007 | D:3      | Found a stormy altar of Qazlal.
  2076 | D:3      | Reached skill level 5 in Evocations
  2194 | D:3      | Found a white marble altar of Elyvilon.
  2504 | D:3      | Reached XP level 5. HP: 13/38 MP: 5/5
  3329 | D:4      | Noticed Eustachio
  3583 | D:4      | Reached XP level 6. HP: 39/44 MP: 6/6
  3782 | D:4      | Noticed Menkaure
  3799 | D:4      | Killed Menkaure
  3800 | D:4      | Reached skill level 6 in Evocations
  3924 | D:4      | Killed Eustachio
  3925 | D:4      | Reached XP level 7. HP: 51/51 MP: 7/7
  4005 | D:5      | Entered Level 5 of the Dungeon
  4069 | D:5      | Reached skill level 7 in Evocations
  4834 | D:5      | Reached skill level 5 in Axes
  4834 | D:5      | Reached XP level 8. HP: 47/58 MP: 8/8
  4978 | D:5      | Reached skill level 8 in Evocations
  5334 | D:6      | Gained mutation: You are weak. (Str -2) [potion of
                  | mutation]
  5334 | D:6      | Gained mutation: Your system is resistant to poisons.
                  | (rPois) [potion of mutation]
  5334 | D:6      | Gained mutation: You expend magic power (3 MP) to
                  | strengthen your wands. [potion of mutation]
  5336 | D:6      | HP: 3/60 [adder (2)]
  5336 | D:6      | HP: 1/60 [something (2)]
  5337 | D:6      | Succumbed to an adder's poison

Illustrated notes

Levels and vault maps discovered:
D:1:      ncdulo_wetmaze, layout_basic
D:2:      layout_basic, basic_altar, chequers_serial_rivers_micro_d,
          kennysheep_big_empty_room, nicolae_kite_square_tiling_tiny,
          kennysheep_generic_room_14
D:3:      layout_loops_ring, elyvilon_altar_1, gammafunk_temple_overflow_wave,
          minmay_pentangle
D:4:      layout_cave_pools, serial_library_hellmonk_room_c,
          grunt_decor_fettered, uniq_menkaure, uniq_eustachio
D:5:      nicolae_cairo_tiling, layout_basic
D:6:      cheibrodos_helix_gallery, layout_rooms, gammafunk_temple_overflow_claw

Skill      XL: |  1  2  3  4  5  6  7  8 |
---------------+-------------------------+-----
Axes           | 1 2 3 4 5 |  5.5
Armour         | 2 3 |  3.8
Evocations     | 5 6 7 8 |  8.3
Fighting       | 2 3 |  3.7
Dodging        | |  0.8
Stealth        | |  0.7

Action                     |  1- 3 |  4- 6 |  7- 9 || total
---------------------------+-------+-------+-------++-------
  Melee: Club              |   100 |       |       ||   100
         Dagger            |    92 |    49 |       ||   141
         Hand axe          |       |   104 |    87 ||   191
         Short sword       |       |    55 |    96 ||   151
  Throw: Dart              |       |       |     4 ||     4
  Evoke: Wand              |     4 |    17 |     2 ||    23
    Use: Scroll            |       |     5 |     6 ||    11
         Potion            |       |     1 |     5 ||     6
   Stab: Sleeping          |     1 |       |       ||     1
 Armour: Leather armour    |    65 |    82 |       ||   147
         Chain mail        |       |     4 |   147 ||   151
  Dodge: Dodged            |    58 |    69 |    35 ||   162

Table legend: (Time is in decaauts)
 A = Elapsed time spent in this place.
 B = Non-inter-level travel time spent in this place.
 C = Inter-level travel time spent in this place.
 D = Time resting spent in this place.
 E = Time spent auto-exploring this place.
 F = Levels seen in this place.
 G = Mean time per level.
                   A        B        C        D        E       F      G
               +--------+--------+--------+--------+--------+-----+--------+
         Total |   5373 |   5153 |    220 |    960 |   3290 |   6 |  895.5 |
       Dungeon |   5373 |   5153 |    220 |    960 |   3290 |   6 |  895.5 |
               +--------+--------+--------+--------+--------+-----+--------+

Top non-repeatable levels by time:
     D:2: 1372 daAuts
     D:3: 1107 daAuts
     D:5: 1023 daAuts
     D:1: 828 daAuts
     D:4: 758 daAuts
     D:6: 283 daAuts
